Map: Curious Minds LE

Players

Weever

  • Race: Terran Terran
  • League: Diamond

CheeseKiller - Winner!

  • Race: Zerg Zerg
  • League: Diamond

VOD

Have the link to the VOD?

Description

Description,
Bottom Text

Time

  • Played on: Jan. 31, 2022, 2:56 p.m.
  • Length: 15:32
Show
View Real Time Build Order
Export as new Build Order

Weever Terran 

Build Orders: Hellion Opening 

Get SALT Encoding   

  12  0:00  SCV  
  13  0:12  SCV  
  14  0:17  Supply Depot  
  14  0:24  SCV  
  15  0:38  SCV  
  15  0:40  Barracks  
  16  0:50  Refinery, SCV  
  17  1:02  SCV  
  18  1:15  SCV  
  19  1:27  Orbital Command  
  19  1:28  Marine  
  20  1:42  Command Center  
  20  1:47  Marine  
  21  1:55  SCV  
  22  2:04  Supply Depot  
  22  2:07  SCV  
  23  2:10  Factory  
  23  2:16  Barracks Reactor  
  23  2:26  SCV  
  24  2:30  Refinery  
  24  2:38  SCV  
  25  2:50  SCV  
  26  2:56  Orbital Command  
  26  3:05  Starport, Hellion x2  
  30  3:07  SCV  
  31  3:13  Barracks Tech Lab  
  31  3:19  SCV  
  32  3:24  SCV  
  32  3:26  Hellion x2  
  37  3:35  SCV  
  37  3:39  SCV  
  37  3:40  Barracks Reactor  
  39  3:41  Barracks  
  39  3:47  SCV  
  40  3:49  Hellion  
  40  3:50  Hellion  
  40  3:52  SCV  
  45  3:57  Supply Depot  
  45  4:03  Command Center  
  45  4:18  Marine x2  
  45  4:20  SCV x2  
  49  4:32  SCV x2  
  49  4:34  Factory Tech Lab  
  51  4:39  Engineering Bay  
  51  4:40  Supply Depot, Medivac  
  51  4:41  Marine, Supply Depot  
  54  4:46  Stimpack  
  54  5:01  Marine x3, Medivac  
  54  5:02  SCV x2  
  54  5:03  Siege Tank  
  64  5:10  Refinery x2  
  64  5:14  SCV x2  
  66  5:20  Orbital Command  
  66  5:21  Marine x3  
  56  5:26  SCV x2  
  56  5:27  Terran Infantry Weapons Level 1  
  59  5:38  SCV x2  
  59  5:42  Barracks  
  61  5:44  Siege Tank  
  61  5:45  Barracks x2  
  64  5:52  SCV x3  
  67  5:59  Medivac x2  
  67  6:00  Marine x3  
  74  6:08  Supply Depot  
  74  6:10  Supply Depot  
  74  6:21  Marine x2  
  74  6:22  Marine  
  74  6:23  Siege Tank, Orbital Command  
  80  6:36  Supply Depot  
  80  6:37  Supply Depot  
  80  6:39  Marine x2  
  81  6:41  Barracks Reactor x3  
  81  6:42  Marine  
  81  6:43  Medivac x2  
  87  6:47  SCV x2  
  87  6:51  Combat Shield  
  89  6:57  Marine x2  
  89  6:59  SCV  
  89  7:00  SCV, Marine  
  83  7:03  SCV  
  83  7:06  Siege Tank  
  87  7:11  Factory  
  87  7:12  SCV x2  
  87  7:15  SCV, Marine  
  91  7:17  Armory  
  91  7:21  Engineering Bay  
  91  7:22  Terran Infantry Armor Level 1  
  91  7:24  SCV x2  
  91  7:27  SCV  
  91  7:28  Engineering Bay, Medivac  
  96  7:36  Refinery, SCV x2  
  98  7:39  SCV  
  99  7:49  Siege Tank  
  102  7:58  SCV x3  
  105  7:59  Marine x6  
  105  8:00  Marine x3  
  105  8:02  Medivac  
  105  8:04  Drilling Claws, Factory Reactor  
  116  8:12  Command Center  
  116  8:16  SCV  
  117  8:26  Marine x2  
  117  8:30  Marine  
  117  8:36  Supply Depot x2  
  117  8:37  Supply Depot  
  117  8:41  Refinery  
  117  8:49  Terran Infantry Weapons Level 2  
  117  8:51  Terran Vehicle Weapons Level 1  
  117  8:57  Marine x5  
  117  8:58  SCV x3, Widow Mine x2, Marine x2, Medivac x2  
  117  8:59  Siege Tank, Marine x2  
  140  9:07  Command Center  
  140  9:10  Command Center  
  140  9:13  Command Center  
  140  9:15  SCV  
  141  9:23  SCV x2, Marine x2  
  142  9:41  Marine x4  
  142  9:42  Marine x3  
  142  9:43  Marine  
  142  9:44  Marine  
  142  9:45  Widow Mine x2  
  155  9:48  Terran Infantry Armor Level 2  
  155  10:02  Barracks  
  155  10:03  Barracks x2  
  155  10:10  Medivac  
  155  10:12  Widow Mine, Medivac  
  118  10:28  Marine  
  118  10:29  Marine x8  
  118  10:31  Widow Mine x2  
  131  10:36  Command Center  
  131  10:41  Widow Mine  
  133  10:45  Terran Vehicle And Ship Armor Level 1  
  133  10:46  Marine  
  134  10:50  Refinery  
  134  10:52  Widow Mine  
  134  10:53  Barracks Tech Lab x2  
  136  10:58  Ghost Academy  
  136  10:59  Marine x4  
  136  11:00  Marine x3  
  136  11:01  Marine  
  144  11:09  Barracks  
  144  11:12  Supply Depot  
  144  11:13  Supply Depot  
  144  11:15  Widow Mine  
  144  11:16  Widow Mine x2  
  148  11:31  Marine x3  
  148  11:32  Marine x4  
  155  11:33  Marine  
  156  11:42  Widow Mine x3  
  156  11:45  Liberator x2  
  168  11:47  Planetary Fortress  
  168  11:49  SCV x3  
  171  12:01  SCV x2  
  171  12:03  Ghost x2, Barracks Tech Lab  
  171  12:04  Marine x6  
  171  12:05  Marine x2  
  171  12:06  Enhanced Shockwaves  
  179  12:22  Marine x4  
  152  12:23  Marine x5  
  157  12:31  Marine  
  157  12:32  Marine  
  157  12:35  Widow Mine x3  
  157  12:36  Liberator x2  
  171  12:38  Terran Vehicle Weapons Level 2  
  171  12:40  Marine x3  
  171  12:42  Barracks  
  172  12:48  Missile Turret  
  172  12:49  Refinery x2, Missile Turret  
  172  12:51  Missile Turret  
  172  13:08  Marine x6  
  172  13:09  Marine x2  
  172  13:10  Ghost x3  
  186  13:25  Personal Cloaking, Command Center  
  179  13:42  Marine x4  
  179  13:43  Widow Mine x3, Marine x5  
  170  14:03  Fusion Core  
  170  14:13  Liberator  
  170  14:14  Liberator  
  168  14:29  Sensor Tower  
  168  14:31  Ghost x2  
  168  14:33  Barracks Tech Lab  
  168  14:34  Barracks Tech Lab  
Show
View Real Time Build Order
Export as new Build Order

CheeseKiller Zerg - Winner!

Build Orders: Hatch First 

Get SALT Encoding   

  12  0:01  Drone  
  13  0:12  Overlord  
  13  0:16  Drone  
  14  0:31  Drone x2  
  16  0:49  Hatchery  
  15  0:53  Drone  
  15  0:56  Drone  
  17  0:59  Drone  
  18  1:10  Extractor  
  17  1:15  Spawning Pool  
  16  1:19  Drone  
  16  1:22  Drone  
  18  1:28  Drone  
  19  1:40  Drone  
  20  1:52  Overlord  
  20  2:03  Queen x2  
  20  2:04  Zergling x4  
  26  2:14  Drone x2  
  26  2:15  Metabolic Boost  
  28  2:32  Hatchery  
  28  2:36  Drone  
  28  2:37  Drone  
  28  2:43  Drone  
  30  2:46  Overlord  
  30  2:53  Queen  
  30  2:56  Drone  
  30  2:58  Drone  
  34  3:00  Drone  
  34  3:02  Drone  
  36  3:10  Queen  
  38  3:14  Overlord  
  38  3:16  Drone  
  38  3:19  Drone  
  40  3:20  Drone  
  40  3:24  Drone  
  40  3:25  Drone  
  40  3:26  Drone  
  44  3:37  Zergling x4  
  44  3:40  Overlord  
  46  3:44  Overlord  
  46  3:53  Drone x4  
  46  3:54  Drone  
  51  4:01  Spore Crawler  
  50  4:02  Spore Crawler  
  50  4:04  Drone x5  
  54  4:14  Overlord x2  
  54  4:20  Queen  
  54  4:22  Queen  
  54  4:23  Spore Crawler  
  57  4:26  Baneling Nest  
  56  4:33  Lair  
  56  4:34  Drone x3  
  56  4:37  Drone x3  
  62  4:41  Drone x2  
  64  4:46  Drone x4  
  68  4:53  Overlord x2  
  68  4:58  Queen  
  70  5:01  Queen  
  70  5:04  Extractor x2  
  70  5:06  Drone x4  
  74  5:07  Drone  
  67  5:25  Drone x5  
  67  5:26  Drone x6  
  78  5:33  Extractor  
  78  5:34  Extractor  
  76  5:37  Queen  
  76  5:39  Drone x8  
  86  5:42  Spire  
  85  6:02  Extractor, Drone  
  85  6:05  Overlord x2  
  85  6:08  Hatchery, Zergling x16  
  92  6:16  Zergling x6  
  95  6:25  Centrifugal Hooks  
  95  6:36  Hatchery  
  94  6:40  Baneling x15  
  94  6:41  Baneling, Zergling x20  
  94  6:45  Drone x3  
  107  6:47  Evolution Chamber  
  107  6:48  Evolution Chamber  
  103  7:10  Drone x3  
  103  7:11  Drone x7  
  103  7:15  Zerg Ground Armor Level 1, Zerg Melee Weapons Level 1  
  113  7:19  Queen x2  
  113  7:20  Infestation Pit, Hydralisk Den  
  115  7:24  Drone x5  
  115  7:28  Overlord x3  
  115  7:29  Overlord  
  119  7:41  Overlord x2  
  119  7:48  Extractor, Drone  
  119  7:49  Extractor, Drone x2  
  119  7:50  Drone x3  
  119  7:51  Drone  
  124  7:53  Drone  
  125  8:02  Hive  
  125  8:04  Zergling x22  
  136  8:18  Zergling x2  
  136  8:19  Zergling x8  
  138  8:28  Zergling x22  
  145  8:40  Overlord x3  
  145  8:42  Spore Crawler  
  145  8:43  Zergling x2  
  145  8:44  Zergling x16, Spore Crawler  
  152  8:55  Zergling x2  
  152  8:56  Zergling x22  
  152  9:00  Zergling x2  
  152  9:01  Zergling x2  
  166  9:13  Hydralisk x14  
  166  9:14  Hatchery  
  166  9:15  Zerg Melee Weapons Level 2  
  193  9:19  Baneling x3  
  193  9:20  Baneling x11  
  193  9:25  Zergling x2  
  193  9:26  Zergling x10  
  198  9:37  Overlord x3  
  197  9:46  Baneling x7  
  197  10:07  Adrenal Glands, Ultralisk Cavern  
  137  10:27  Hydralisk  
  137  10:28  Hydralisk x16  
  143  10:31  Zergling x2  
  143  10:32  Zergling x38  
  191  10:42  Muscular Augments  
  191  10:44  Zerg Ground Armor Level 2  
  191  10:49  Drone x8  
  199  11:06  Chitinous Plating  
  199  11:26  Baneling x14  
  199  11:27  Baneling x24  
  199  11:28  Baneling x2  
  199  11:30  Overseer x4  
  199  11:32  Extractor  
  198  11:37  Zerg Melee Weapons Level 3  
  198  11:44  Pneumatized Carapace  
  198  11:54  Grooved Spines  
  155  12:25  Anabolic Synthesis  
  155  12:27  Zergling x2  
  155  12:28  Zergling x44  
  166  12:32  Ultralisk  
  166  12:33  Ultralisk x4  
  196  12:53  Baneling x20  
  196  12:54  Baneling x20  
  196  12:56  Overseer x2  
  196  12:57  Overseer  
  196  12:58  Overlord x2  
  196  12:59  Overlord x3  
  158  13:50  Hydralisk x10  
  158  13:54  Zergling x24  
  158  13:55  Zergling x18  
  196  14:24  Baneling x18  
  192  14:25  Baneling x19  
  192  14:26  Zergling x2  
  192  14:27  Zergling x12  
  190  15:01  Zergling x20  
Tags
 
Add a new tag
Caveats
  • Supply blocks, unpowered buildings, or Contaminate may cause inaccurate times.
  • Supply counts are checked every 10 seconds.